[Event "Titled Tuesday Blitz March 28 Early 2023"]
[White "Chan, Kim Yew"]
[Black "Melian, Juan Sebastian"]
[WhiteFideId "5717981"]
[BlackFideId "3706575"]
[WhiteElo "2206"]
[BlackElo "2031"]
[Result "1-0"]
[Round "08"]
[TimeControl "180+2"]
[Date "2023.03.28"]
[WhiteClock "0:00:05"]
[BlackClock "0:00:06"]

1. c4 e5 2. Nc3 Bb4 3. Nd5 Bc5 4. Nf3 Nc6 5. d3 d6 6. g3 Nge7 7. Bg2 O-O 8. O-O Be6 9. Nd2 a6 10. a3 f5 11. b4 Ba7 12. Rb1 Qd7 13. a4 f4 14. b5 axb5 15. axb5 Nd8 16. b6 Bxd5 17. bxc7 Qxc7 18. cxd5 Nf5 19. Ne4 fxg3 20. hxg3 Nf7 21. e3 Rfc8 22. Bh3 g6 23. Qf3 N7h6 24. g4 Nh4 25. Qg3 Qe7 26. Nxd6 Qxd6 27. Qxh4 Nf7 28. Rxb7 Rc7 29. Rxc7 Qxc7 30. Qf6 Rf8 31. Bb2 Bc5 32. Bg2 Be7 33. Qe6 Bd6 34. Rc1 Qb8 35. Ba1 Kg7 36. Qd7 Rd8 37. Qc6 Kg8 38. Qc2 Ng5 39. Rb1 Qa7 40. Bc3 Rc8 41. Qb2 Qc7 42. Bd2 Qe7 43. Qb7 Rc7 44. Qa8+ Kg7 45. Rb8 Nf7 46. Rb2 h5 47. gxh5 gxh5 48. Qa4 Qg5 49. Qe4 h4 50. Qf3 Nh6 51. Kf1 Rf7 52. Qe4 Ng4 53. Be1 Nxe3+ 54. Kg1 Ng4 55. Rb6 Nf6 56. Qe3 Qxe3 57. fxe3 Bc5 58. Rc6 Bxe3+ 59. Kh2 Bf4+ 60. Kh3 Bg5 61. Be4 Kh6 62. Bxh4 Bxh4 63. Kxh4 Kg7 64. Kg5 Ng8 65. Re6 Rd7 66. Rxe5 Kf7 67. Bg6+ Kg7 68. Bf5 Ra7 69. d6 Kf8 70. d7 Ra8 71. Bg6 Ne7 72. Bh5 Rd8 73. Bg4 Nc6 74. Re4 Ne7 75. d4 Nc6 76. d5 Ne7 77. d6 Ng8 78. Kg6 Ra8 79. Rf4+ Nf6 80. Rxf6+ Kg8 81. Re6 Rd8 82. Re8+ Rxe8 83. dxe8=Q# 1-0


[Site "https://www.chess.com"]

[Event "Titled Tuesday Blitz March 28 Early 2023"]
[White "Krsnik Cohar, Ivan Vihor"]
[Black "Skaric, Djuro"]
[WhiteFideId "14520044"]
[BlackFideId "934569"]
[WhiteElo "2414"]
[BlackElo "2282"]
[Result "0-1"]
[Round "08"]
[TimeControl "180+2"]
[Date "2023.03.28"]
[WhiteClock "0:00:02"]
[BlackClock "0:02:14"]

1. e4 d6 2. Nf3 g6 3. Nc3 Bg7 4. d4 Nf6 5. Bc4 O-O 6. O-O Nc6 7. d5 Ne5 8. Nxe5 dxe5 9. a4 Ne8 10. b4 Nd6 11. Bd3 h6 12. Ne2 f5 13. f3 f4 14. c4 g5 15. c5 Nf7 16. Bc4 Kh7 17. a5 h5 18. a6 b6 19. Ba3 Nh6 20. d6 exd6 21. cxd6 cxd6 22. b5 Rf6 23. Qd5 Rb8 24. Rfd1 Be6 25. Qxd6 Bxc4 26. Qxd8 Rxd8 27. Rxd8 Bxe2 28. Rd7 Rf7 29. Rxf7 Nxf7 30. Rb1 g4 31. Bc5 Bf6 32. Bxb6 Nd6 33. Bxa7 Nxb5 34. Bb8 gxf3 35. gxf3 Bxf3 36. Rxb5 Bxe4 37. Bxe5 Bd8 38. a7 f3 39. Rb8 Bg5 40. Kf2 Bh4+ 41. Bg3 Be7 42. a8=Q Bc5+ 43. Ke1 Bxa8 44. Rxa8 Kg6 45. Ra6+ Kf7 46. Ra5 Bb4+ 47. Kf2 Bxa5 48. Kxf3 Kg6 0-1


[Site "https://www.chess.com"]

[Event "Titled Tuesday Blitz March 28 Early 2023"]
[White "Vadim_Galchenko"]
[Black "Escanor89"]
[WhiteElo "2332"]
[BlackElo "2519"]
[Result "1-0"]
[Round "08"]
[TimeControl "180+2"]
[Date "2023.03.28"]
[WhiteClock "0:00:08"]
[BlackClock "0:00:05"]

1. e4 c5 2. a3 d5 3. exd5 Qxd5 4. Nc3 Qe6+ 5. Be2 Nf6 6. Nf3 Nc6 7. O-O a6 8. d4 cxd4 9. Nxd4 Nxd4 10. Qxd4 Qd7 11. Qh4 g6 12. Rd1 Qe6 13. Bh6 Bd7 14. Rd3 Bxh6 15. Qxh6 Bc6 16. Rad1 Ng4 17. Bxg4 Qxg4 18. f3 Qe6 19. Qg7 Qf6 20. Qh6 g5 21. Qxf6 exf6 22. Re1+ Kf8 23. Rd6 Kg7 24. Kf2 h5 25. Red1 Rhe8 26. Ne2 Re7 27. Nd4 Re5 28. Nxc6 bxc6 29. Rxc6 a5 30. b4 axb4 31. axb4 Rae8 32. Rd2 h4 33. c4 f5 34. b5 Re1 35. b6 Rb1 36. c5 Ree1 37. Rc7 f4 38. b7 h3 39. gxh3 Rh1 40. Ke2 Rxh2+ 41. Kd3 Rhh1 42. c6 Rxh3 43. Rc8 Rxf3+ 44. Kd4 Rfb3 45. Rd8 Rb4+ 46. Kc5 Rb5+ 47. Kd6 Rc1 48. Kc7 Rbc5 49. R8d6 Rxc6+ 50. Rxc6 Rb1 51. Kc8 f3 52. Kc7 g4 53. Rb6 Rc1+ 54. Kd6 g3 55. b8=Q f2 56. Rb4 f1=Q 57. Rg4+ Kf6 58. Qd8+ Kf5 59. Qg5# 1-0


[Site "https://www.chess.com"]

[Event "Titled Tuesday Blitz March 28 Early 2023"]
[White "Rosenberg, Evan S"]
[Black "Vallejo Diaz, Javier"]
[WhiteFideId "2019299"]
[BlackFideId "2256398"]
[WhiteElo "2332"]
[BlackElo "2511"]
[Result "1-0"]
[Round "08"]
[TimeControl "180+2"]
[Date "2023.03.28"]
[WhiteClock "0:00:40"]
[BlackClock "0:00:19"]

1. d4 Nf6 2. Nf3 g6 3. Nc3 Bg7 4. e4 d6 5. Be2 O-O 6. O-O Nbd7 7. e5 Ne8 8. Bf4 Nb6 9. h3 d5 10. a4 a5 11. b3 Bf5 12. Qd2 c6 13. Rac1 Nc7 14. Bh6 Be4 15. Bxg7 Kxg7 16. Nxe4 dxe4 17. Ng5 f5 18. exf6+ exf6 19. Nxe4 Re8 20. Nc5 Ra7 21. Rfe1 Nd7 22. Nxd7 Qxd7 23. Rcd1 b6 24. Bf3 Raa8 25. Rxe8 Rxe8 26. Re1 Rd8 27. Qc3 Nd5 28. Bxd5 Qxd5 29. Re7+ Kg8 30. Rc7 Rd6 31. Qe3 Re6 32. Qd2 Qd6 33. Rc8+ Kg7 34. c4 Qe7 35. Qf4 Re1+ 36. Kh2 Qe2 37. Rc7+ Kg8 38. Qxf6 1-0


[Site "https://www.chess.com"]

[Event "Titled Tuesday Blitz March 28 Early 2023"]
[White "Mazurkiewicz, Michal"]
[Black "Horvath, Dominik"]
[WhiteFideId "1124943"]
[BlackFideId "1642561"]
[WhiteElo "2054"]
[BlackElo "2407"]
[Result "0-1"]
[Round "08"]
[TimeControl "180+2"]
[Date "2023.03.28"]
[WhiteClock "0:00:02"]
[BlackClock "0:01:53"]

1. e4 c6 2. d3 d5 3. Nd2 g6 4. Ngf3 Bg7 5. g3 Nf6 6. Bg2 O-O 7. O-O dxe4 8. dxe4 b6 9. e5 Nd5 10. a3 Ba6 11. c4 Nc7 12. Re1 Ne6 13. b4 Nd7 14. Bb2 Rc8 15. Qc2 Qc7 16. h4 Rfd8 17. h5 c5 18. hxg6 hxg6 19. Bh3 Ndf8 20. b5 Bb7 21. Ne4 Rd7 22. Nfg5 Nxg5 23. Nxg5 e6 24. Ne4 Rcd8 25. Nf6+ Bxf6 26. exf6 Rd2 27. Qc1 Ba8 28. Rf1 Qb7 29. Kh2 Qf3 30. Qe1 Nh7 31. Bc3 Ng5 32. Bxd2 Nxh3 33. Kxh3 Qh5# 0-1


[Site "https://www.chess.com"]

[Event "Titled Tuesday Blitz March 28 Early 2023"]
[White "Vaglio Munoz, Jaime"]
[Black "Weetik, Vjacheslav"]
[WhiteFideId "6500145"]
[BlackFideId "4153472"]
[WhiteElo "2199"]
[BlackElo "2469"]
[Result "0-1"]
[Round "08"]
[TimeControl "180+2"]
[Date "2023.03.28"]
[WhiteClock "0:00:02"]
[BlackClock "0:00:09"]

1. Nf3 Nf6 2. c4 g6 3. b3 Bg7 4. Bb2 O-O 5. g3 d6 6. d4 e5 7. dxe5 Ng4 8. Bg2 Nc6 9. O-O Re8 10. h3 Ngxe5 11. Nxe5 dxe5 12. Nc3 Bf5 13. Ne4 Qc8 14. g4 Rd8 15. Qc1 Bxe4 16. Bxe4 Nd4 17. Re1 c6 18. e3 Ne6 19. Bg2 Nc5 20. Qc2 Nd3 21. Rf1 Nxb2 22. Qxb2 e4 23. Qc2 Bxa1 24. Rxa1 f5 25. gxf5 gxf5 26. Qe2 Qe6 27. Rc1 Qe5 28. Qh5 Rd6 29. c5 Rg6 30. Kf1 Rd8 31. Rc2 Qg7 32. f4 Qa1+ 33. Kf2 Qg7 34. Kg1 Kh8 35. Kh2 Rg8 0-1


[Site "https://www.chess.com"]

[Event "Titled Tuesday Blitz March 28 Early 2023"]
[White "Zubritskiy, Artyom"]
[Black "Shvedova, Alexandra"]
[WhiteFideId "4181247"]
[BlackFideId "54154782"]
[WhiteElo "2419"]
[BlackElo "2057"]
[Result "1-0"]
[Round "08"]
[TimeControl "180+2"]
[Date "2023.03.28"]
[WhiteClock "0:00:19"]
[BlackClock "0:00:16"]

1. d4 Nf6 2. c4 e6 3. g3 d5 4. Nf3 dxc4 5. Bg2 Nc6 6. Qa4 Bb4+ 7. Bd2 Nd5 8. Qb5 a6 9. Qxc4 O-O 10. O-O Na5 11. Qc2 b6 12. Ng5 g6 13. Bxd5 Qxd5 14. Bxb4 Qxg5 15. Bxf8 Kxf8 16. Qxc7 Qb5 17. Nc3 Qc6 18. Qxc6 Nxc6 19. Rfd1 Nb4 20. a3 Nd5 21. Nxd5 exd5 22. Rac1 Bd7 23. Rc7 Ke8 24. Rb7 b5 25. Rc1 Kd8 26. Rcc7 Be6 27. f3 a5 28. Kf2 b4 29. e4 bxa3 30. bxa3 Ra6 31. Rc5 Rd6 32. e5 Ra6 33. Rbb5 a4 34. Ra5 Rb6 35. Rxa4 Rb2+ 36. Ke3 Rb3+ 37. Ke2 Rb2+ 38. Kd3 Rxh2 39. Ra8+ Kd7 40. Ra7+ Kd8 41. a4 Rf2 42. Ke3 Ra2 43. a5 Ra3+ 44. Kf2 Ra2+ 45. Kg1 Ra1+ 46. Kg2 Ra2+ 47. Kf1 Ra1+ 48. Ke2 Ra2+ 49. Ke1 Ra3 50. a6 Rxf3 51. Rb7 Ra3 52. a7 Ra1+ 53. Kd2 Ra2+ 54. Rc2 1-0


[Site "https://www.chess.com"]

[Event "Titled Tuesday Blitz March 28 Early 2023"]
[White "Kopczynski, Michal"]
[Black "Cuenca Jimenez, Jose Fernando"]
[WhiteFideId "1124200"]
[BlackFideId "2255570"]
[WhiteElo "2212"]
[BlackElo "2429"]
[Result "0-1"]
[Round "08"]
[TimeControl "180+2"]
[Date "2023.03.28"]
[WhiteClock "0:01:56"]
[BlackClock "0:02:07"]

1. e4 d6 2. d4 Nf6 3. Nc3 e5 4. d5 c6 5. Bg5 Be7 6. f3 Nxd5 7. Nxd5 Bxg5 8. Nc3 O-O 9. Bc4 b5 10. Bb3 a5 11. a4 b4 12. Nce2 Ba6 13. Ng3 g6 14. N1e2 Be3 15. Nf1 Bc5 16. Qd2 Qh4+ 17. g3 Qf6 18. f4 exf4 19. Nxf4 Qxb2 20. Rd1 Nd7 21. Ne3 Rae8 22. Kf2 Rxe4 23. Rhe1 Qe5 24. Ng2 Nf6 25. Kg1 Ng4 0-1


[Site "https://www.chess.com"]

[Event "Titled Tuesday Blitz March 28 Early 2023"]
[White "Kadam, Om Manish"]
[Black "Pasti, Aron"]
[WhiteFideId "45076294"]
[BlackFideId "785857"]
[WhiteElo "2221"]
[BlackElo "2173"]
[Result "1-0"]
[Round "08"]
[TimeControl "180+2"]
[Date "2023.03.28"]
[WhiteClock "0:01:25"]
[BlackClock "0:00:16"]

1. e4 e5 2. Nf3 Nc6 3. Bc4 Bc5 4. c3 Nf6 5. d3 d6 6. a4 a5 7. Nbd2 O-O 8. O-O Bg4 9. h3 Bh5 10. Qb3 Qd7 11. Bb5 Rfe8 12. d4 exd4 13. cxd4 Bxd4 14. Bxc6 bxc6 15. Nxd4 Nxe4 16. Nxe4 Rxe4 17. Be3 c5 18. Qd5 Rae8 19. Qc6 Qc8 20. Nb5 Be2 21. Rfe1 Bxb5 22. axb5 R4e5 23. Rxa5 d5 24. Qxc5 Qd7 25. Rd1 Qf5 26. Qxc7 h6 27. Qb7 R8e7 28. Ra8+ Kh7 29. Qc8 Qh5 30. Qh8+ Kg6 31. Rd4 Rxe3 32. Rg4+ Kf6 33. Qxg7+ Ke6 34. fxe3 1-0


[Site "https://www.chess.com"]

[Event "Titled Tuesday Blitz March 28 Early 2023"]
[White "Senft, Sean"]
[Black "Vaibhav Jayant Raut"]
[WhiteFideId "2044960"]
[BlackFideId "5089034"]
[WhiteElo "1989"]
[BlackElo "2156"]
[Result "0-1"]
[Round "08"]
[TimeControl "180+2"]
[Date "2023.03.28"]
[WhiteClock "0:00:13"]
[BlackClock "0:01:04"]

1. e4 c5 2. Nc3 Nc6 3. f4 g6 4. Nf3 Bg7 5. Bc4 d6 6. O-O e6 7. d3 Nge7 8. Qe1 O-O 9. f5 exf5 10. Bg5 h6 11. Qh4 Ne5 12. Nxe5 hxg5 13. Qxg5 dxe5 14. exf5 Bxf5 15. g4 Qd4+ 16. Kh1 Qxg4 17. Qxe7 Rad8 18. Qxc5 Rd4 19. Rf2 Qh3 20. Bd5 Rh4 21. Re1 Bh6 22. Be4 Bf4 23. Bxf5 Qxf5 24. Ree2 Kg7 25. Qd5 Rfh8 26. Qe4 Qg4 27. Qf3 Rxh2+ 28. Rxh2 Qxf3+ 0-1


[Site "https://www.chess.com"]

[Event "Titled Tuesday Blitz March 28 Early 2023"]
[White "Sielecki, Christof"]
[Black "Hindermann, Felix"]
[WhiteFideId "4620437"]
[BlackFideId "1305212"]
[WhiteElo "2443"]
[BlackElo "2206"]
[Result "0-1"]
[Round "08"]
[TimeControl "180+2"]
[Date "2023.03.28"]
[WhiteClock "0:00:19"]
[BlackClock "0:00:03"]

1. e4 e6 2. d4 d5 3. Nd2 Nc6 4. Ngf3 Nf6 5. e5 Nd7 6. Be2 f6 7. exf6 Qxf6 8. Nf1 Bd6 9. Ne3 O-O 10. O-O Qg6 11. c4 Nf6 12. c5 Bf4 13. g3 Ne4 14. Nh4 Qg5 15. Nhg2 Bxe3 16. Bxe3 Qf6 17. f3 Ng5 18. Qd2 Nh3+ 19. Kh1 e5 20. dxe5 Qxe5 21. f4 Qf6 22. Rad1 d4 23. Bxd4 Nxd4 24. Qxd4 Be6 25. Qxf6 Rxf6 26. a3 c6 27. Ne3 Re8 28. Bf3 g5 29. Ng4 Rff8 30. fxg5 Rxf3 31. Rxf3 Bxg4 32. Rdf1 Bxf3+ 33. Rxf3 Re2 34. g6 hxg6 35. Rd3 Kf7 36. Rd7+ Re7 37. Rxb7 Rxb7 0-1


[Site "https://www.chess.com"]

[Event "Titled Tuesday Blitz March 28 Early 2023"]
[White "Devaev, Alexander"]
[Black "Richter, Nils"]
[WhiteFideId "4169395"]
[BlackFideId "12990809"]
[WhiteElo "2225"]
[BlackElo "2381"]
[Result "1-0"]
[Round "08"]
[TimeControl "180+2"]
[Date "2023.03.28"]
[WhiteClock "0:00:42"]
[BlackClock "0:00:06"]

1. d4 d5 2. c4 e6 3. Nc3 a6 4. e3 Nf6 5. Nf3 Nbd7 6. Qc2 b6 7. cxd5 exd5 8. Bd3 Bb7 9. O-O Bd6 10. e4 dxe4 11. Nxe4 O-O 12. Nxd6 Bxf3 13. Nf5 Bb7 14. Bf4 Rc8 15. Rfe1 Re8 16. Qd2 Nf8 17. Rxe8 Qxe8 18. Re1 Qd7 19. Ne7+ Kh8 20. Bf5 Ne6 21. Bxe6 fxe6 22. Nxc8 Qxc8 23. Be5 Qd7 24. Bxf6 gxf6 25. Qe3 Bd5 26. a3 c6 27. f3 b5 28. Qf4 Kg7 29. h3 a5 30. Kh2 a4 31. Qg3+ Kf7 32. h4 Qa7 33. Qf4 Kg7 34. h5 h6 35. Qg3+ Kh8 36. Qg6 Qg7 37. Qxg7+ Kxg7 38. Kg3 Kf7 39. Kf4 Ke7 40. g4 Kf7 41. Rg1 Ke7 42. Ke3 Kf7 43. f4 Bb3 44. g5 fxg5 45. fxg5 Kg7 46. g6 Bc2 47. Kf4 Kf6 48. g7 1-0


[Site "https://www.chess.com"]

[Event "Titled Tuesday Blitz March 28 Early 2023"]
[White "Orlov, Georgi"]
[Black "Meunier-Pion, Jean"]
[WhiteFideId "2011271"]
[BlackFideId "20685327"]
[WhiteElo "2581"]
[BlackElo "2124"]
[Result "0-1"]
[Round "08"]
[TimeControl "180+2"]
[Date "2023.03.28"]
[WhiteClock "0:00:21"]
[BlackClock "0:01:35"]

1. d4 d5 2. Nf3 Nf6 3. c4 c6 4. Nc3 a6 5. cxd5 cxd5 6. Bf4 Nc6 7. Rc1 e6 8. e3 Bd6 9. Bg3 O-O 10. Bd3 Qe7 11. O-O Bd7 12. Ne5 Rfc8 13. f4 b5 14. Bh4 Na5 15. Rf3 g6 16. Bxf6 Qxf6 17. Nxd7 Qd8 18. Ne5 Nc4 19. Bxc4 bxc4 20. Rf2 a5 21. b3 cxb3 22. axb3 Ba3 23. Rcc2 Qb6 24. Na4 Qb4 25. Rxc8+ Rxc8 26. h3 Rc1 27. Qxc1 Bxc1 28. Kh2 Bxe3 29. Rf3 Qe1 30. h4 0-1


[Site "https://www.chess.com"]

[Event "Titled Tuesday Blitz March 28 Early 2023"]
[White "Tokhirjonova, Gulrukhbegim"]
[Black "Melikhov, Evgeny V."]
[WhiteFideId "14203626"]
[BlackFideId "4122046"]
[WhiteElo "2268"]
[BlackElo "2158"]
[Result "1-0"]
[Round "08"]
[TimeControl "180+2"]
[Date "2023.03.28"]
[WhiteClock "0:00:30"]
[BlackClock "0:00:01"]

1. e4 e5 2. Nf3 Nc6 3. Bb5 a6 4. Ba4 Nf6 5. O-O Nxe4 6. d4 b5 7. Bb3 d5 8. dxe5 Be6 9. c3 Bc5 10. Qe2 O-O 11. Nbd2 Bf5 12. Nxe4 Bxe4 13. Ng5 Bf5 14. Rd1 Ne7 15. Be3 Bxe3 16. Qxe3 c6 17. h3 Qd7 18. Re1 Rae8 19. Rad1 f6 20. exf6 Rxf6 21. f4 h6 22. Nf3 Re6 23. Qd4 Ng6 24. Rxe6 Qxe6 25. Re1 Be4 26. Ne5 Nxe5 27. Rxe4 Nf3+ 28. gxf3 Qg6+ 29. Kf2 Kh8 30. Rxe8+ Qxe8 31. Qe5 Qd8 32. f5 Qh4+ 33. Qg3 Qf6 34. Bc2 d4 35. f4 dxc3 36. Qxc3 Qh4+ 37. Qg3 Qf6 38. Qd3 Qh4+ 39. Ke2 Qxf4 40. f6 g6 41. Qd8+ Kh7 42. Qe7+ 1-0


[Site "https://www.chess.com"]

[Event "Titled Tuesday Blitz March 28 Early 2023"]
[White "Degenbaev, Aziz"]
[Black "Rios Escobar, Adan"]
[WhiteFideId "13802640"]
[BlackFideId "3403645"]
[WhiteElo "2152"]
[BlackElo "2414"]
[Result "1-0"]
[Round "08"]
[TimeControl "180+2"]
[Date "2023.03.28"]
[WhiteClock "0:01:04"]
[BlackClock "0:00:20"]

1. e4 c5 2. Nf3 d6 3. d4 cxd4 4. Nxd4 Nf6 5. Nc3 a6 6. Be3 e5 7. Nb3 Be7 8. Qd2 Ng4 9. g3 Nxe3 10. Qxe3 Bg5 11. f4 exf4 12. gxf4 Bh4+ 13. Kd2 O-O 14. Rd1 Be6 15. Kc1 Nd7 16. Rg1 Qb6 17. Nd4 Rac8 18. f5 Bc4 19. Bxc4 Rxc4 20. Nd5 Qc5 21. Qh6 g6 22. fxg6 hxg6 23. Rxg6+ fxg6 24. Qxg6+ Kh8 25. Qh6+ Kg8 26. Rg1+ Kf7 27. Qg6# 1-0


[Site "https://www.chess.com"]

[Event "Titled Tuesday Blitz March 28 Early 2023"]
[White "Balague Camps, Marc"]
[Black "Ibadov, Dashgyn"]
[WhiteFideId "2297914"]
[BlackFideId "24107514"]
[WhiteElo "2089"]
[BlackElo "2208"]
[Result "0-1"]
[Round "08"]
[TimeControl "180+2"]
[Date "2023.03.28"]
[WhiteClock "0:01:06"]
[BlackClock "0:00:18"]

1. d4 d5 2. c4 e6 3. Nc3 c6 4. Nf3 Nf6 5. e3 Nbd7 6. Be2 Bd6 7. O-O O-O 8. b3 b6 9. cxd5 exd5 10. Bb2 Bb7 11. Rc1 Rc8 12. Bd3 Re8 13. Ne2 Qe7 14. Ng3 g6 15. Rc2 Ne4 16. Bxe4 dxe4 17. Nd2 c5 18. Nc4 Bb8 19. d5 Rcd8 20. a4 Nf6 21. d6 Bxd6 22. Qa1 Nd5 23. Nxd6 Qxd6 24. Rd1 Qe6 25. Rcd2 Rd7 26. Ne2 Red8 27. Nf4 Nxf4 28. Rxd7 Ne2+ 29. Kf1 Rxd7 30. Rxd7 Qxd7 31. Kxe2 Qd3+ 32. Ke1 Ba6 33. Qd1 Qf1+ 34. Kd2 Qxf2+ 35. Kc1 Bd3 36. Qd2 Qg1+ 37. Qd1 Qxe3+ 38. Qd2 Qg1+ 39. Qd1 Qxg2 40. h4 h5 41. Bc3 Qa2 42. Qe1 Qc2# 0-1


[Site "https://www.chess.com"]

[Event "Titled Tuesday Blitz March 28 Early 2023"]
[White "Vovk, Orest"]
[Black "Vedder, Richard"]
[WhiteFideId "14113490"]
[BlackFideId "1004166"]
[WhiteElo "2215"]
[BlackElo "2168"]
[Result "1-0"]
[Round "08"]
[TimeControl "180+2"]
[Date "2023.03.28"]
[WhiteClock "0:00:40"]
[BlackClock "0:01:10"]

1. h4 b6 2. h5 h6 3. Nf3 Bb7 4. Nc3 e6 5. d4 Nf6 6. Ne5 d6 7. Nd3 Nbd7 8. f3 Be7 9. e4 c5 10. Be3 cxd4 11. Bxd4 a6 12. Qd2 Qc7 13. O-O-O Nc5 14. Nxc5 bxc5 15. Be3 Bc6 16. g4 Nd7 17. f4 Nf6 18. Qg2 Rb8 19. g5 hxg5 20. fxg5 Nxh5 21. Be2 g6 22. Bxh5 Rxh5 23. Rxh5 gxh5 24. g6 fxg6 25. Qxg6+ Kd7 26. Bxc5 Qa5 27. Bxd6 Bxd6 28. Qf7+ Kc8 29. Rxd6 Qg5+ 30. Rd2 Rb7 31. Qxe6+ Bd7 32. Qc4+ Kb8 33. Qxa6 h4 34. Qd6+ Kc8 35. b3 h3 36. Kb2 Rc7 37. Nd5 Qg7+ 38. e5 Bf5 39. Qxc7+ 1-0


[Site "https://www.chess.com"]

[Event "Titled Tuesday Blitz March 28 Early 2023"]
[White "Boraso, Alessio"]
[Black "Estrada Nieto, Julian"]
[WhiteFideId "848077"]
[BlackFideId "5101018"]
[WhiteElo "2286"]
[BlackElo "2176"]
[Result "1-0"]
[Round "08"]
[TimeControl "180+2"]
[Date "2023.03.28"]
[WhiteClock "0:00:04"]
[BlackClock "0:00:01"]

1. c4 e5 2. g3 Nf6 3. Bg2 d5 4. cxd5 Nxd5 5. Nf3 Nc6 6. O-O Nb6 7. Nc3 Be7 8. a3 O-O 9. b4 a5 10. b5 Nd4 11. Bb2 f6 12. e3 Nf5 13. d4 exd4 14. exd4 Be6 15. Re1 Bf7 16. Ne4 Nc4 17. Bc1 Nfd6 18. Nc5 Rb8 19. Bf4 Nxb5 20. Ne6 Bxe6 21. Rxe6 Kh8 22. Qb3 Nbd6 23. Rc1 b5 24. Bxd6 Bxd6 25. Nh4 Qd7 26. Re4 Rfe8 27. Rce1 Rxe4 28. Rxe4 a4 29. Qd3 Re8 30. Re2 Rxe2 31. Qxe2 Bxa3 32. Bb7 Bf8 33. Be4 g6 34. Nxg6+ hxg6 35. Bxg6 Kg7 36. Qh5 Kg8 37. Bf5 Bg7 38. Bxd7 a3 39. Be6+ Kf8 40. Qf7# 1-0


[Site "https://www.chess.com"]

[Event "Titled Tuesday Blitz March 28 Early 2023"]
[White "Turzo, Attila"]
[Black "Topalov, Aleksandar"]
[WhiteFideId "704954"]
[BlackFideId "925659"]
[WhiteElo "2507"]
[BlackElo "2151"]
[Result "1-0"]
[Round "08"]
[TimeControl "180+2"]
[Date "2023.03.28"]
[WhiteClock "0:00:32"]
[BlackClock "0:00:02"]

1. e4 e6 2. d4 d5 3. Bd3 dxe4 4. Bxe4 Nf6 5. Bf3 c5 6. Ne2 Nc6 7. c3 e5 8. Bxc6+ bxc6 9. dxe5 Qxd1+ 10. Kxd1 Ng4 11. Be3 Nxe3+ 12. fxe3 Bf5 13. Ng3 O-O-O+ 14. Ke2 Bg6 15. Nd2 Rd5 16. Nf3 Be7 17. e4 Rd7 18. Rad1 Rhd8 19. Rxd7 Rxd7 20. Nf5 Bf8 21. g4 Rb7 22. b3 c4 23. Rb1 a5 24. Ke3 c5 25. Nd2 cxb3 26. Rxb3 Rd7 27. Rb5 h5 28. h3 hxg4 29. hxg4 Ra7 30. a4 Bh7 31. Nc4 Kd7 32. Rxa5 Rb7 33. Rb5 Ra7 34. a5 g6 35. Nfd6 f6 36. Rb7+ Rxb7 37. Nxb7 fxe5 38. Nxe5+ Kc7 39. a6 Bg7 40. Nc4 g5 41. Nxc5 Kb8 42. Ne6 1-0


[Site "https://www.chess.com"]

[Event "Titled Tuesday Blitz March 28 Early 2023"]
[White "Shukhman, Anna"]
[Black "Lehtosaari, Mauri"]
[WhiteFideId "54180058"]
[BlackFideId "501999"]
[WhiteElo "2125"]
[BlackElo "2505"]
[Result "1-0"]
[Round "08"]
[TimeControl "180+2"]
[Date "2023.03.28"]
[WhiteClock "0:00:23"]
[BlackClock "0:00:06"]

1. e4 d5 2. exd5 Qxd5 3. Nc3 Qe5+ 4. Be2 c6 5. d4 Qc7 6. Nf3 Bf5 7. O-O e6 8. Ne5 Nd7 9. Nxd7 Qxd7 10. Bf3 Nf6 11. Bf4 Be7 12. Qd2 O-O 13. Rfe1 Rfd8 14. Rad1 Nd5 15. Be5 Bb4 16. a3 Nxc3 17. bxc3 Bxa3 18. c4 Bd6 19. d5 Bxe5 20. Rxe5 a5 21. g4 Bg6 22. h4 exd5 23. cxd5 f6 24. Ree1 c5 25. d6 Rab8 26. Re7 Qa4 27. Qd5+ Kh8 28. h5 Bxc2 29. Rde1 h6 30. Qf7 Rg8 31. d7 Bb3 32. Qg6 Qf4 33. R1e3 f5 34. Rxb3 fxg4 35. Qxg4 Qf6 36. Re6 Qf7 37. Rbe3 Rbf8 38. Re8 Rxe8 39. Rxe8 Rxe8 40. dxe8=Q+ Qxe8 41. Be4 Qf8 42. Qg6 Kg8 43. Bd5+ Kh8 44. Bxb7 a4 45. Be4 Kg8 46. Qe6+ Kh8 47. Qc4 Qc8 48. Qxa4 Qg4+ 49. Kf1 Qc8 50. Qc4 Qf8 51. Bg2 Qc8 52. Bd5 Qf8 53. Qd3 Qc8 54. Qe4 Qf8 55. Bc4 Qc8 56. Bd3 Kg8 57. Qh7+ Kf7 58. Qg6+ Kg8 59. Bc4+ Kh8 60. Ke2 Qd8 61. Bd3 Kg8 62. Qh7+ Kf7 63. Qf5+ Kg8 64. Qxc5 Kh8 65. Qf5 Qe7+ 66. Qe4 Qxe4+ 67. Bxe4 Kg8 68. Kf3 Kf7 69. Kg4 Kf6 70. Bg6 Ke7 71. Kf5 Kf8 72. Ke6 Kg8 73. Ke7 Kh8 74. Bc2 Kg8 75. Ke8 Kh8 76. Kf7 g5 77. hxg6 h5 78. g7# 1-0


[Site "https://www.chess.com"]

[Event "Titled Tuesday Blitz March 28 Early 2023"]
[White "Jumanov, Elbek"]
[Black "Valle Maytin, Luis Enrique"]
[WhiteFideId "14202905"]
[BlackFideId "3503666"]
[WhiteElo "2055"]
[BlackElo "2225"]
[Result "1-0"]
[Round "08"]
[TimeControl "180+2"]
[Date "2023.03.28"]
[WhiteClock "0:00:09"]
[BlackClock "0:00:03"]

1. c4 c5 2. Nf3 Nc6 3. Nc3 e6 4. d4 cxd4 5. Nxd4 Nf6 6. g3 Bc5 7. Nc2 O-O 8. Bg2 a6 9. O-O Rb8 10. Be3 Be7 11. Qd2 b5 12. c5 b4 13. Na4 Qc7 14. Rfd1 Rd8 15. Rac1 Bb7 16. Bf4 e5 17. Bg5 d6 18. Bxf6 dxc5 19. Qe3 Bxf6 20. Qxc5 Be7 21. Qc4 Rbc8 22. Rxd8+ Qxd8 23. Qb3 Nd4 24. Qd3 Bxg2 25. Kxg2 Qd5+ 26. f3 Qc6 27. Nxd4 Qxc1 28. Nf5 Bf6 29. Qxa6 Qc6 30. Qxc6 Rxc6 31. Ne3 Bg5 32. Nd5 Rc2 33. Kf2 h5 34. Nxb4 Rc4 35. a3 Be7 36. b3 Rc8 37. Nb2 Rb8 38. N2d3 f6 39. Nc6 Rb7 40. b4 Bd6 41. a4 Kf7 42. b5 Ke8 43. Ke3 Kd7 44. Ke4 Kc7 45. Kd5 Ba3 46. e4 Kb6 47. f4 Rd7+ 48. Kc4 Rc7 49. fxe5 fxe5 50. Nxe5 Bd6 51. Nd3 h4 52. Nf4 hxg3 53. hxg3 Bxf4 54. gxf4 Rf7 55. f5 Rd7 56. a5+ Kc7 57. Kc5 Rd1 58. b6+ Kb7 59. Ne5 Rc1+ 60. Nc4 Ka6 61. e5 Rf1 62. e6 Rxf5+ 63. Kd6 Rf6 64. Ne5 Kb7 65. Nd7 Rf1 66. e7 Rd1+ 67. Ke6 Re1+ 68. Ne5 Rxe5+ 69. Kxe5 g5 70. e8=Q 1-0


[Site "https://www.chess.com"]

[Event "Titled Tuesday Blitz March 28 Early 2023"]
[White "Bochnicka, Vladimir"]
[Black "Ronka, Erik"]
[WhiteFideId "14943450"]
[BlackFideId "505080"]
[WhiteElo "2094"]
[BlackElo "2264"]
[Result "1-0"]
[Round "08"]
[TimeControl "180+2"]
[Date "2023.03.28"]
[WhiteClock "0:01:06"]
[BlackClock "0:01:32"]

1. e4 g6 2. d4 Bg7 3. Be3 d5 4. e5 c5 5. c3 Nc6 6. Nf3 cxd4 7. cxd4 Nh6 8. Nc3 Nf5 9. Rc1 O-O 10. Bd3 f6 11. Qb3 Nxe3 12. fxe3 e6 13. exf6 Bxf6 14. O-O Rb8 15. Kh1 Bd7 16. e4 Nxd4 17. Nxd4 Bxd4 18. exd5 e5 19. Ne4 Kg7 20. d6 Bc6 21. Rxf8 Qxf8 22. Rf1 Qe8 23. Ng5 Bd7 24. Rf7+ Kg8 25. Re7+ Kh8 26. Rxe8+ Bxe8 27. d7 Bxd7 28. Qf7 1-0


[Site "https://www.chess.com"]

[Event "Titled Tuesday Blitz March 28 Early 2023"]
[White "Manon-og, Ramon Jr."]
[Black "Rom, Jasper"]
[WhiteFideId "5200776"]
[BlackFideId "2023733"]
[WhiteElo "2369"]
[BlackElo "2233"]
[Result "1-0"]
[Round "08"]
[TimeControl "180+2"]
[Date "2023.03.28"]
[WhiteClock "0:00:10"]
[BlackClock "0:00:02"]

1. e4 e6 2. d4 d5 3. Nd2 Be7 4. Ngf3 Nf6 5. Bd3 c5 6. c3 Nc6 7. O-O a5 8. exd5 Qxd5 9. Nc4 Qd8 10. dxc5 Bxc5 11. Qc2 h6 12. Bf4 O-O 13. Rad1 Qe7 14. a3 Nd5 15. Bg3 Qf6 16. b4 axb4 17. axb4 Ba7 18. Nce5 Nf4 19. Nxc6 bxc6 20. Bh7+ Kh8 21. Be4 Nd5 22. Ne5 Bb6 23. Nc4 Ba7 24. Be5 Qh4 25. Bd6 Re8 26. Bg3 Qf6 27. Nd6 Rd8 28. Rfe1 Bd7 29. Be5 Qe7 30. Nc4 Be8 31. Qd2 Qg5 32. Qc2 Qe7 33. h3 f6 34. Bg3 Bf7 35. Nd2 Qf8 36. Nf3 c5 37. b5 c4 38. Nh4 Qc5 39. Ng6+ Bxg6 40. Bxg6 e5 41. Be4 Ne7 42. Bxa8 Rxa8 43. Rd7 Ng8 44. Qg6 Bb6 45. Qxg7# 1-0


[Site "https://www.chess.com"]